Map: Ascension to Aiur LE

Players

GuMiho

  • Race: Terran Terran
  • Spawn Location: 11:00

soO - Winner!

  • Race: Zerg Zerg
  • Spawn Location: 5:00

Event: 2017 WCS Global Finals

VOD

Have the link to the VOD?

Description

Time

  • Played on: Nov. 3, 2017, 4:50 p.m.
  • Length: 25:26

All games in this series

Show
View Real Time Build Order
Export as new Build Order

GuMiho Terran 

Build Orders: Gas First Reaper Expand, Hellion Opening, Reaper Expand, Mech 

Get SALT Encoding   

  12  0:00  SCV  
  13  0:12  SCV  
  14  0:17  Supply Depot  
  14  0:24  SCV  
  14  0:27  Refinery  
  15  0:39  SCV  
  16  0:45  Barracks  
  16  0:51  SCV  
  17  1:03  SCV  
  18  1:15  SCV  
  19  1:31  Reaper, Orbital Command  
  20  1:42  Command Center  
  20  1:52  Factory  
  20  1:57  SCV  
  21  2:02  Refinery  
  21  2:05  Barracks Reactor  
  21  2:09  SCV  
  21  2:13  Supply Depot  
  22  2:21  SCV  
  23  2:35  SCV  
  23  2:37  Starport  
  24  2:45  Hellion x2  
  24  2:47  SCV  
  29  2:54  Orbital Command  
  29  2:55  Barracks Tech Lab  
  28  2:59  SCV  
  29  3:06  Hellion  
  29  3:10  Hellion  
  29  3:12  SCV  
  34  3:19  Raven, SCV  
  35  3:24  SCV  
  38  3:27  Supply Depot  
  38  3:31  SCV  
  38  3:34  Hellion  
  41  3:37  Hellion  
  41  3:38  SCV  
  44  3:42  Barracks Tech Lab  
  44  3:43  SCV  
  44  3:56  SCV x2  
  44  4:01  Hellion x2  
  50  4:04  Raven  
  47  4:12  SCV x2  
  47  4:24  SCV x2  
  51  4:30  Supply Depot  
  53  4:36  SCV  
  54  4:39  SCV  
  54  4:40  Supply Depot  
  51  4:48  Viking, SCV  
  51  4:52  Command Center, SCV  
  55  5:00  SCV  
  55  5:04  SCV  
  55  5:05  Hellion  
  55  5:06  Hellion  
  61  5:12  SCV  
  62  5:16  SCV  
  59  5:24  SCV  
  59  5:27  Refinery x2, Hellion  
  59  5:28  Hellion, SCV  
  64  5:35  Armory x2  
  65  5:43  Factory  
  65  5:44  SCV x2  
  65  5:48  Factory  
  67  5:50  Supply Depot x2  
  67  5:56  SCV  
  68  5:58  SCV  
  72  6:07  Hellion x2  
  72  6:08  SCV  
  72  6:10  SCV, Starport Reactor  
  75  6:21  SCV  
  75  6:22  SCV  
  73  6:28  Hellion x2  
  73  6:30  Terran Vehicle And Ship Armor Level 1, Terran Vehicle Weapons Level 1  
  73  6:31  Orbital Command  
  67  6:33  SCV  
  67  6:34  SCV  
  67  6:38  Siege Tank  
  75  6:40  Siege Tank  
  75  6:45  SCV  
  75  6:46  SCV  
  77  6:49  Infernal Pre-Igniter, Orbital Command  
  77  6:51  Hellion  
  77  6:52  Hellion  
  81  6:57  SCV  
  81  7:01  Refinery  
  82  7:04  SCV  
  83  7:09  Refinery, SCV  
  83  7:11  Siege Tank  
  83  7:12  Siege Tank  
  90  7:16  SCV x2  
  90  7:21  SCV, Engineering Bay  
  90  7:22  Supply Depot  
  93  7:23  Supply Depot  
  93  7:29  SCV x2  
  95  7:33  SCV  
  96  7:39  Factory, Hellion x2  
  96  7:40  Factory  
  96  7:41  SCV  
  96  7:43  SCV  
  102  7:45  SCV  
  102  7:46  Supply Depot  
  102  7:47  Supply Depot  
  102  7:48  Siege Tank x2  
  109  7:56  SCV x2  
  109  7:57  SCV  
  112  8:00  Viking x2  
  112  8:01  Supply Depot  
  112  8:02  Supply Depot  
  116  8:08  Supply Depot  
  116  8:09  Hellion x2  
  120  8:13  SCV x2  
  120  8:14  SCV  
  123  8:24  Terran Vehicle Weapons Level 2  
  123  8:25  Terran Vehicle And Ship Armor Level 2  
  123  8:26  SCV  
  123  8:27  SCV x2  
  124  8:28  Factory Reactor  
  124  8:29  Factory Tech Lab, Siege Tank  
  124  8:33  Hellion  
  127  8:35  Viking  
  127  8:37  Viking  
  127  8:38  Hellion  
  133  8:43  Command Center  
  133  8:44  Supply Depot  
  133  8:46  Supply Depot  
  133  8:49  Missile Turret  
  133  8:51  Sensor Tower  
  133  8:53  Siege Tank  
  133  8:54  Hellion  
  138  8:59  Hellion x2  
  142  9:09  Siege Tank  
  144  9:12  Hellion x2  
  144  9:15  Hellion  
  144  9:17  Viking x2  
  152  9:20  Siege Tank  
  157  9:25  Hellion x7  
  157  9:29  Supply Depot x2  
  157  9:30  Siege Tank  
  152  9:39  Hellion x2  
  152  9:40  Hellion  
  152  9:41  Siege Tank  
  161  9:47  Hellion  
  161  9:51  Viking x2  
  167  10:03  Hellion x3  
  176  10:14  Hellion  
  182  10:27  Thor x3  
  193  10:35  Planetary Fortress  
  187  10:40  Terran Ship Weapons Level 1, Hellion x3  
  187  10:41  Hellion  
  195  10:47  Medivac x2  
  199  10:51  Refinery  
  199  10:52  Refinery  
  199  10:53  Missile Turret  
  199  11:02  Hellion  
  199  11:03  Hellion x2  
  197  11:05  Hellion  
  197  11:07  Terran Vehicle Weapons Level 3  
  197  11:11  Hellion  
  199  11:22  Supply Depot  
  199  11:24  Supply Depot  
  199  11:25  Command Center  
  191  11:44  Hellion x2  
  191  11:46  Hellion x2  
  199  11:48  Missile Turret  
  199  11:49  Command Center  
  199  11:50  Command Center  
  199  12:15  Hellion x2  
  187  12:20  Hellion x4, Siege Tank  
  187  12:21  Viking x2  
  180  12:30  Fusion Core  
  180  12:32  Starport  
  180  12:34  Starport, Terran Vehicle And Ship Armor Level 3  
  180  12:36  Hellion x2  
  172  12:41  Hellion x2, Siege Tank x2  
  182  12:52  Siege Tank  
  182  12:57  Hellion x2  
  189  13:02  Hellion  
  189  13:03  Hellion  
  185  13:13  Thor x2  
  185  13:19  Hellion x2  
  188  13:20  Orbital Command  
  188  13:21  Orbital Command  
  188  13:24  Thor  
  194  13:29  Starport Reactor, Starport Tech Lab  
  194  13:38  Planetary Fortress  
  194  13:41  Refinery  
  194  13:44  Refinery  
  194  13:46  Terran Ship Weapons Level 2  
  194  13:56  Orbital Command  
  194  13:58  Command Center  
  194  14:09  Sensor Tower, Missile Turret  
  194  14:10  Missile Turret  
  194  14:11  Hellion x15  
  194  14:12  Advanced Ballistics  
  194  14:24  Factory Reactor  
  194  14:34  Liberator x2  
  194  14:40  Hellion  
  190  14:51  Cyclone  
  199  15:04  Missile Turret  
  199  15:24  Thor x2, Liberator x4  
  199  15:25  Hellion  
  193  15:29  Thor  
  193  15:30  Hellion x2  
  193  15:32  Hellion  
  166  15:39  Liberator  
  178  15:47  Hellion  
  178  15:52  Hellion x2  
  178  15:53  Hellion  
  187  16:06  Liberator x2  
  187  16:07  Liberator, Hellion  
  187  16:08  Liberator, Hellion x2  
  191  16:13  Hellion x3  
  191  16:15  Hellion  
  169  16:22  Liberator  
  169  16:23  Terran Ship Weapons Level 3  
  164  16:29  Hellion, Siege Tank x2  
  172  16:34  Hellion, Siege Tank  
  172  16:35  Hellion  
  172  16:36  Hellion  
  184  16:49  Liberator x2  
  184  16:50  Liberator  
  184  16:51  Hellion  
  181  16:56  Hellion  
  181  16:58  Liberator  
  181  17:01  Hellion x2, Siege Tank x2  
  186  17:04  Liberator  
  186  17:06  Siege Tank  
  186  17:09  Missile Turret  
  186  17:10  Missile Turret  
  186  17:12  Hellion  
  188  17:17  Hellion  
  198  17:23  Hellion x2  
  198  17:24  Planetary Fortress  
  194  17:32  Liberator  
  194  17:33  Siege Tank x2  
  194  17:34  Hellion  
  195  17:38  Hellion  
  200  17:52  Refinery  
  200  17:55  Sensor Tower  
  200  17:57  Refinery  
  197  18:22  Sensor Tower  
  197  18:24  Weapon Refit  
  197  18:25  Starport x2  
  194  18:56  Battlecruiser  
  190  19:19  Thor  
  190  19:23  Command Center  
  194  19:27  Siege Tank x2  
  182  19:50  Starport Tech Lab  
  182  19:51  Starport Tech Lab  
  182  19:56  Hellion x4  
  182  19:59  Hellion  
  192  20:01  Missile Turret  
  192  20:07  Missile Turret  
  192  20:09  Missile Turret  
  192  20:10  Missile Turret  
  192  20:13  Missile Turret  
  192  20:25  Hellion x2  
  192  20:26  Hellion  
  198  20:39  Command Center  
  198  20:48  Hellion x5  
  199  21:36  Missile Turret  
  199  21:39  Missile Turret  
  179  21:41  Missile Turret  
  179  21:46  Battlecruiser x3  
  181  21:47  Viking x4  
  181  21:50  Hellion x3  
  195  21:58  Missile Turret  
  193  22:01  Missile Turret x2, Hellion x2  
  193  22:22  Hellion x3  
  196  22:31  Missile Turret  
  196  22:35  Missile Turret  
  185  22:57  Battlecruiser x3  
  175  23:08  Hellion  
  175  23:09  Hellion x2  
  175  23:11  Hellion x3  
  187  23:13  Hellion  
  184  23:30  Hellion x3  
  184  23:32  Hellion x2  
  194  23:34  Hellion  
  194  23:35  Hellion  
  198  23:51  Hellion  
  192  24:01  Hellion x2  
  154  24:05  Hellion  
  135  24:18  Hellion  
  116  24:42  Thor  
  112  24:46  Widow Mine  
  112  24:50  Orbital Command  
  83  25:05  Hellion x2  
Show
View Real Time Build Order
Export as new Build Order

soO Zerg - Winner!

Build Orders: Hatch First, Swarm Host 

Get SALT Encoding   

  12  0:00  Drone  
  13  0:12  Overlord  
  13  0:16  Drone  
  14  0:30  Drone x2  
  14  0:34  Drone  
  17  0:52  Hatchery  
  17  0:54  Drone  
  17  0:57  Drone  
  18  1:07  Extractor  
  17  1:12  Spawning Pool  
  17  1:15  Drone  
  17  1:19  Drone  
  18  1:27  Drone  
  19  1:39  Overlord  
  19  1:58  Queen  
  19  1:59  Zergling x4  
  23  2:03  Queen  
  23  2:04  Zergling x2  
  23  2:07  Metabolic Boost  
  26  2:11  Drone  
  28  2:15  Drone  
  28  2:21  Drone  
  29  2:28  Drone  
  30  2:32  Overlord  
  30  2:34  Queen  
  30  2:36  Drone  
  33  2:42  Drone  
  34  2:49  Drone  
  35  2:54  Drone  
  36  3:01  Drone  
  37  3:05  Drone  
  37  3:06  Hatchery  
  37  3:10  Zergling x2  
  37  3:11  Zergling x6  
  41  3:14  Zergling x2  
  41  3:17  Zergling x2  
  41  3:18  Zergling x2  
  44  3:21  Overlord  
  44  3:28  Overlord  
  44  3:36  Overlord  
  44  3:39  Queen  
  44  3:40  Drone  
  44  3:41  Drone  
  48  3:43  Drone x2  
  48  3:45  Zergling x2  
  51  3:49  Zergling x4  
  51  3:52  Zergling x2  
  51  3:54  Drone  
  54  4:00  Drone x2  
  55  4:09  Drone x2  
  52  4:18  Drone x2  
  52  4:19  Queen, Lair, Drone  
  52  4:20  Drone  
  52  4:23  Drone  
  59  4:28  Extractor x2  
  57  4:33  Drone x3  
  60  4:39  Drone x2  
  60  4:40  Drone  
  63  4:46  Drone x3  
  63  4:48  Baneling Nest  
  63  4:50  Drone x2  
  63  4:51  Drone x2  
  63  4:52  Overlord  
  69  4:57  Overlord  
  67  5:08  Zergling x6  
  69  5:14  Drone  
  69  5:15  Drone x3  
  69  5:18  Overlord  
  69  5:19  Drone  
  73  5:21  Overlord  
  73  5:23  Drone x3  
  73  5:25  Drone  
  73  5:26  Evolution Chamber  
  73  5:28  Evolution Chamber  
  74  5:29  Drone x4  
  74  5:32  Hydralisk Den  
  77  5:39  Drone x3  
  80  5:45  Extractor  
  80  5:46  Extractor  
  80  5:48  Overlord  
  80  5:49  Drone  
  79  5:50  Drone  
  79  5:51  Drone x2  
  79  5:55  Zerg Missile Weapons Level 1  
  79  5:56  Zerg Ground Armor Level 1, Drone  
  83  6:01  Muscular Augments, Hydralisk  
  85  6:04  Zergling x2  
  85  6:05  Zergling x4  
  85  6:10  Hydralisk  
  90  6:14  Hydralisk  
  90  6:15  Zergling x4  
  84  6:25  Drone  
  84  6:27  Drone x4  
  84  6:28  Drone x2  
  84  6:32  Drone  
  91  6:33  Centrifical Hooks  
  91  6:34  Drone  
  91  6:36  Drone x4  
  96  6:43  Drone  
  96  6:46  Drone x2  
  96  6:47  Drone  
  100  6:51  Extractor  
  100  6:52  Hydralisk x2  
  103  6:55  Hatchery  
  103  6:56  Hydralisk  
  103  6:59  Hydralisk  
  106  7:02  Overlord  
  105  7:15  Baneling x3  
  105  7:16  Overlord x2  
  105  7:17  Overlord  
  105  7:19  Overlord  
  105  7:21  Overlord  
  105  7:23  Hydralisk  
  105  7:24  Hydralisk x2  
  105  7:25  Zergling x2  
  105  7:27  Hydralisk  
  114  7:30  Overlord  
  114  7:35  Hydralisk x2  
  114  7:36  Zergling x2  
  119  7:42  Hydralisk x2  
  119  7:43  Zergling x6  
  126  7:47  Hydralisk x2  
  130  7:55  Hydralisk x3  
  130  7:56  Zergling x6  
  138  8:01  Overlord  
  138  8:06  Hydralisk x4  
  138  8:09  Overlord  
  147  8:12  Zergling x2  
  147  8:13  Zergling x2  
  147  8:18  Zergling x2  
  147  8:19  Zergling x6  
  152  8:26  Overlord  
  152  8:27  Overlord  
  152  8:34  Zergling x20  
  149  8:41  Zerg Missile Weapons Level 2, Zerg Ground Armor Level 2  
  158  8:42  Zergling x6  
  158  8:45  Baneling x5, Overseer  
  161  8:54  Baneling x5  
  160  9:00  Baneling x2  
  160  9:01  Baneling x2  
  157  9:05  Zergling x4  
  132  9:11  Drone x3  
  132  9:12  Drone x4  
  132  9:15  Drone x4  
  132  9:16  Infestation Pit  
  141  9:23  Drone x2  
  143  9:27  Evolution Chamber  
  132  9:47  Extractor, Overlord, Drone  
  132  9:48  Extractor  
  131  9:53  Swarm Host x9  
  131  9:54  Swarm Host x5  
  131  9:56  Swarm Host  
  131  9:59  Overlord  
  176  10:05  Swarm Host  
  179  10:07  Zerg Melee Weapons Level 1  
  178  10:16  Hatchery  
  178  10:18  Drone  
  178  10:19  Drone  
  178  10:20  Hive  
  176  10:35  Drone x5  
  173  10:36  Drone  
  176  10:43  Drone x3  
  176  10:44  Hydralisk x5  
  176  10:45  Zergling x10  
  176  10:47  Baneling x3  
  194  10:57  Overlord  
  189  11:09  Drone  
  189  11:10  Overlord, Drone  
  188  11:34  Zerg Missile Weapons Level 3, Viper x2  
  188  11:35  Viper, Zerg Ground Armor Level 3  
  197  11:45  Zergling x6  
  188  12:03  Zergling x22  
  188  12:07  Zerg Melee Weapons Level 2  
  199  12:15  Hydralisk x6  
  183  12:19  Hydralisk x5  
  183  12:20  Hydralisk x4  
  194  12:24  Baneling x14, Hydralisk  
  194  12:25  Zergling x4  
  198  12:30  Extractor  
  198  12:32  Extractor  
  198  12:35  Baneling x10  
  196  12:37  Zergling x6  
  196  12:42  Baneling  
  197  12:49  Overlord  
  195  12:52  Overlord  
  195  12:56  Overlord  
  195  12:57  Overlord  
  194  13:05  Overlord  
  192  13:06  Hatchery  
  181  13:23  Baneling x3  
  181  13:24  Baneling x4  
  181  13:25  Zergling x2  
  181  13:26  Zergling x22  
  193  13:28  Zergling x4  
  193  13:29  Zergling x4  
  197  13:34  Hydralisk  
  197  13:37  Hatchery  
  198  13:44  Drone x2  
  194  13:48  Swarm Host  
  194  13:49  Swarm Host  
  200  13:56  Baneling x2  
  200  14:06  Spire  
  200  14:08  Baneling x6  
  199  14:12  Drone  
  199  14:54  Baneling x4  
  199  14:55  Baneling x18  
  198  15:06  Spine Crawler  
  197  15:07  Spine Crawler  
  197  15:12  Zergling x8  
  167  15:35  Hydralisk x2  
  167  15:36  Hydralisk, Zergling x2  
  167  15:37  Zergling x20  
  167  15:38  Hydralisk x4  
  167  15:39  Zergling x14  
  167  15:42  Baneling x5  
  198  15:51  Zerg Flyer Weapons Level 1  
  198  15:55  Spine Crawler  
  197  15:58  Baneling x10  
  197  15:59  Baneling x8  
  197  16:00  Baneling  
  197  16:01  Baneling x4  
  196  16:04  Baneling  
  196  16:05  Baneling x10  
  173  16:18  Viper x2  
  173  16:24  Hydralisk x4  
  173  16:25  Hydralisk x4  
  187  16:27  Drone x7  
  187  16:30  Corruptor x3  
  187  16:32  Overseer  
  198  16:53  Corruptor x2  
  199  16:59  Drone x5  
  189  17:20  Corruptor x4  
  189  17:21  Corruptor  
  197  17:35  Extractor  
  197  17:36  Spire  
  197  17:37  Extractor  
  194  17:39  Drone x2  
  194  17:40  Drone x3  
  196  17:59  Corruptor x2  
  196  18:00  Hatchery  
  196  18:03  Extractor, Zerg Flyer Weapons Level 2  
  198  18:19  Drone  
  199  18:22  Spore Crawler  
  198  18:31  Drone  
  196  18:50  Corruptor  
  196  18:52  Zerg Flyer Armor Level 1  
  196  18:55  Zergling x2  
  184  19:21  Zergling x18  
  184  19:22  Zergling x14  
  197  19:42  Drone x5  
  199  19:50  Baneling x14  
  199  19:51  Baneling x10  
  199  19:58  Baneling x6  
  199  19:59  Baneling x2  
  199  20:15  Hatchery  
  199  20:16  Hatchery  
  199  20:20  Hydralisk  
  199  20:23  Zerg Flyer Weapons Level 3  
  193  20:46  Hydralisk x6  
  193  20:47  Hydralisk x2  
  199  21:03  Zerg Flyer Armor Level 2  
  178  21:46  Corruptor x2  
  178  21:47  Corruptor x3  
  154  21:50  Hydralisk x10  
  154  21:53  Hydralisk x3, Zergling x12  
  154  21:54  Zergling x6  
  200  22:01  Spine Crawler, Drone  
  200  22:02  Spine Crawler  
  198  22:10  Hydralisk  
  200  22:18  Hatchery  
  199  22:35  Drone  
  181  23:04  Drone  
  181  23:05  Drone x2  
  177  23:08  Hydralisk x3  
  177  23:09  Zergling x16  
  183  23:17  Hydralisk x3  
  183  23:18  Zergling x24  
  193  23:25  Greater Spire  
  193  23:33  Baneling x10  
  193  23:34  Baneling x6  
  193  23:41  Baneling x10  
  193  23:42  Baneling x8  
  193  23:47  Zergling x20  
  189  24:02  Zergling x24  
  158  24:08  Baneling x6  
  158  24:09  Baneling x2  
  147  24:11  Mutalisk x11  
  147  24:12  Mutalisk x11  
  147  24:14  Zergling x14  
  173  24:45  Hatchery  
Tags
 
Add a new tag
Caveats
  • Supply blocks, unpowered buildings, or Contaminate may cause inaccurate times.
  • Supply counts are checked every 10 seconds.